[Event "Titled Tuesday Blitz August 31 2021"]
[White "Gabdushev, Ruslan"]
[Black "Skaric, Djuro"]
[WhiteFideId "4137833"]
[BlackFideId "934569"]
[WhiteElo "2312"]
[BlackElo "2239"]
[Result "1/2-1/2"]
[Round "10"]
[TimeControl "180+1"]
[Date "2021.08.31"]
[WhiteClock "0:00:19"]
[BlackClock "0:00:09"]

1. b3 d5 2. Bb2 Nf6 3. e3 Nc6 4. f4 g6 5. Nf3 Bg7 6. Bb5 O-O 7. Bxc6 bxc6 8. O-O c5 9. Ne5 Bb7 10. d3 e6 11. Nc3 Nd7 12. Na4 Nxe5 13. fxe5 c4 14. Qf3 Rb8 15. Ba3 Bxe5 16. Bxf8 Qxf8 17. d4 Bd6 18. Rab1 Bc6 19. Nb2 cxb3 20. axb3 f5 21. Ra1 a6 22. Rfc1 Rb6 23. Nd1 Ba3 24. Rcb1 a5 25. Nf2 Bb7 26. Nd3 Ba6 27. Ne5 Qb4 28. h4 Qf8 29. Nd7 Qe7 30. Nxb6 cxb6 31. c3 Bd6 32. c4 Qxh4 33. Qh3 Qxh3 34. gxh3 Bb4 35. Ra4 dxc4 36. Rxb4 axb4 37. bxc4 Bxc4 38. Rxb4 b5 39. Kf2 Kf7 40. Rb1 e5 41. dxe5 Ke6 42. Ra1 Kxe5 43. Ra7 h6 44. Ra6 g5 45. Rxh6 f4 46. Rh5 Ke4 47. exf4 Kxf4 48. Rh8 Be6 49. Rf8+ Bf5 50. Kg2 b4 51. Rb8 Be4+ 52. Kf2 g4 53. hxg4 Kxg4 54. Rxb4 Kf4 55. Ke2 Kf5 56. Ke3 Bc6 57. Rb6 Bh1 58. Rb5+ Kg4 59. Rb4+ Kf5 60. Rb5+ Kg4 61. Rb4+ Kf5 62. Rb5+ 1/2-1/2


[Site "https://www.chess.com"]

[Event "Titled Tuesday Blitz August 31 2021"]
[White "Gallegos Diaz, Carlos Alberto"]
[Black "Sadovsky, Artem"]
[WhiteFideId "3900886"]
[BlackFideId "4155840"]
[WhiteElo "2362"]
[BlackElo "2442"]
[Result "0-1"]
[Round "10"]
[TimeControl "180+1"]
[Date "2021.08.31"]
[WhiteClock "0:00:08"]
[BlackClock "0:01:29"]

1. e4 g6 2. Nf3 Bg7 3. d3 c6 4. Nbd2 d5 5. Be2 Nf6 6. O-O O-O 7. h3 Re8 8. c3 e5 9. Re1 Nbd7 10. Qc2 a5 11. b4 d4 12. cxd4 exd4 13. Bb2 axb4 14. Bxd4 c5 15. Bb2 b6 16. Nc4 Nf8 17. a3 bxa3 18. Nxa3 Ne6 19. Nb5 Bb7 20. Rxa8 Bxa8 21. Ra1 Bc6 22. Na3 Nf4 23. Bf1 Nd7 24. Bxg7 Kxg7 25. g3 Qf6 26. Qc1 Nxd3 27. Bxd3 Qxf3 28. Bc2 Rxe4 29. Nb5 Re1+ 30. Qxe1 Qg2# 0-1


[Site "https://www.chess.com"]

[Event "Titled Tuesday Blitz August 31 2021"]
[White "Goryachkina, Aleksandra"]
[Black "Romanchuk, Viktor"]
[WhiteFideId "4147103"]
[BlackFideId "14109271"]
[WhiteElo "2441"]
[BlackElo "2242"]
[Result "0-1"]
[Round "10"]
[TimeControl "180+1"]
[Date "2021.08.31"]
[WhiteClock "0:00:01"]
[BlackClock "0:00:20"]

1. e4 e6 2. d4 d5 3. e5 c5 4. c3 Nc6 5. Nf3 Bd7 6. a3 Qb6 7. b4 cxd4 8. cxd4 Rc8 9. Be3 Nh6 10. Bxh6 gxh6 11. Be2 a5 12. b5 Ne7 13. O-O Nf5 14. Ra2 Bg7 15. Rd2 O-O 16. Bd3 f6 17. Bxf5 exf5 18. Re1 fxe5 19. dxe5 Bxb5 20. Rxd5 Bc6 21. Rd6 Rcd8 22. Nbd2 Qc5 23. Rxd8 Rxd8 24. Qb1 Qxa3 25. Qxf5 Qd3 26. Qe6+ Kh8 27. Qe7 a4 28. h3 a3 29. e6 a2 30. Qc7 a1=Q 31. Rxa1 Bxa1 32. Ne5 Bxe5 33. Qxe5+ Kg8 34. e7 Re8 35. Qe6+ Kg7 36. Qe5+ Kf7 37. Qf4+ Kxe7 38. Qxh6 Qg6 39. Qe3+ Kf8 40. Qf4+ Kg8 41. g4 Qf7 42. Qd4 Qd5 43. Qxd5+ Bxd5 0-1


[Site "https://www.chess.com"]

[Event "Titled Tuesday Blitz August 31 2021"]
[White "Grachev, Boris"]
[Black "Timmermans, Mark"]
[WhiteFideId "4129199"]
[BlackFideId "1026399"]
[WhiteElo "2580"]
[BlackElo "2460"]
[Result "1-0"]
[Round "10"]
[TimeControl "180+1"]
[Date "2021.08.31"]
[WhiteClock "0:00:19"]
[BlackClock "0:00:12"]

1. d4 Nf6 2. Bf4 e6 3. e3 d5 4. Nd2 c5 5. c3 Nc6 6. Ngf3 Bd6 7. Bg3 O-O 8. Bd3 cxd4 9. exd4 Qc7 10. Qe2 Nd7 11. Ng5 Nf6 12. Ndf3 h6 13. Bxd6 Qxd6 14. h4 Ng4 15. Bh7+ Kh8 16. Bc2 e5 17. dxe5 Ngxe5 18. O-O-O Nxf3 19. Nxf3 Ne7 20. Qe5 Qxe5 21. Nxe5 Be6 22. Rhe1 Kg8 23. f3 Nc6 24. g4 Rfe8 25. Ba4 Rac8 26. Kd2 Nxe5 27. Rxe5 Red8 28. Ke3 d4+ 29. Rxd4 Rxd4 30. cxd4 Bxa2 31. Bd7 Rd8 32. Bf5 a6 33. Be4 b6 34. Re7 Rb8 35. d5 Kf8 36. Ra7 Bc4 37. Kd4 Bb5 38. g5 hxg5 39. hxg5 Rc8 40. Rb7 Rc4+ 41. Ke5 Rc5 42. Rxb6 Ke7 43. Rb7+ Kd8 44. Kd6 1-0


[Site "https://www.chess.com"]

[Event "Titled Tuesday Blitz August 31 2021"]
[White "Gutenev, Alexander"]
[Black "ketster"]
[WhiteFideId "4195540"]
[WhiteElo "2432"]
[BlackElo "2559"]
[Result "0-1"]
[Round "10"]
[TimeControl "180+1"]
[Date "2021.08.31"]
[WhiteClock "0:00:20"]
[BlackClock "0:00:28"]

1. b3 e5 2. Bb2 Nc6 3. e3 Nf6 4. Nf3 e4 5. Ne5 Nxe5 6. Bxe5 Be7 7. Be2 d5 8. O-O O-O 9. d3 Bf5 10. dxe4 Nxe4 11. Nc3 c6 12. Qd4 f6 13. Bf4 Bc5 14. Qd3 Ng3 15. Qd1 Nxf1 16. Bxf1 Qe7 17. Ne2 Rad8 18. Nd4 Bc8 19. Bd3 Bd6 20. Bxd6 Rxd6 21. b4 a6 22. a4 f5 23. g3 Rh6 24. Qf3 Qxb4 25. Qf4 c5 26. Nf3 Qxf4 27. gxf4 Rb6 28. a5 Rb2 29. c4 Be6 30. cxd5 Bxd5 31. Ne5 g6 32. h4 Rc8 33. Rc1 c4 34. Nd7 Rc6 35. Bf1 c3 36. Nb6 Bb3 37. Bg2 c2 38. Kh2 Rb1 39. Rxc2 Rxc2 40. Kg3 Rbb2 41. Bxb7 Bc4 42. Bc8 Bb5 43. Be6+ Kg7 44. Nd5 Rxf2 45. Nc3 Rg2+ 46. Kh3 Rh2+ 47. Kg3 Rbg2+ 48. Kf3 Bc6+ 49. e4 fxe4+ 50. Ke3 Rg3+ 51. Kd4 Rd3+ 52. Kc4 Rc2 53. Kc5 Rdxc3+ 54. Kb6 e3 55. f5 gxf5 56. h5 e2 57. Bxf5 e1=Q 58. h6+ Kf6 59. Ka7 Qe3+ 60. Kb8 Bb5 61. Bxh7 Rc8+ 62. Kb7 R2c7# 0-1


[Site "https://www.chess.com"]

[Event "Titled Tuesday Blitz August 31 2021"]
[White "Dronavalli, Harika"]
[Black "Mezentsev, Ivan"]
[WhiteFideId "5015197"]
[BlackFideId "13706195"]
[WhiteElo "2422"]
[BlackElo "2295"]
[Result "0-1"]
[Round "10"]
[TimeControl "180+1"]
[Date "2021.08.31"]
[WhiteClock "0:00:16"]
[BlackClock "0:00:07"]

1. Nf3 Nf6 2. c4 g6 3. b3 Bg7 4. Bb2 O-O 5. g3 c5 6. Bg2 Nc6 7. O-O d5 8. cxd5 Nxd5 9. Bxg7 Kxg7 10. Qc1 b6 11. Qb2+ Kg8 12. Rd1 Bg4 13. Nc3 Bxf3 14. Bxf3 e6 15. Rac1 Rc8 16. a3 Qd6 17. Bg2 Rfd8 18. h4 f5 19. Nxd5 exd5 20. h5 g5 21. e3 d4 22. Qc2 Qf6 23. b4 Ne5 24. bxc5 bxc5 25. exd4 Rxd4 26. Rb1 f4 27. Rb7 Nd3 28. Rf1 Rf8 29. Qb3+ c4 30. Qb5 f3 31. Bxf3 g4 32. Bd5+ Kh8 33. Qd7 Qh6 34. Qe6 Qxh5 35. Bg2 Ne5 36. Qe7 Rf7 37. Qe8+ Kg7 38. Rxf7+ Nxf7 39. Qe3 Qe5 40. Qc3 Qf6 41. Re1 h5 42. Re3 Rd6 43. Qxf6+ Kxf6 44. Re4 Ne5 45. Re2 Rd3 46. Kh2 Rxa3 47. Re4 Rd3 48. Rf4+ Ke6 49. Rf8 Rxd2 50. Bb7 c3 51. Be4 Kd7 52. Bf5+ Ke7 53. Rc8 Rxf2+ 54. Kg1 Rxf5 55. Rxc3 Rf3 56. Rc5 Kd6 57. Ra5 Rxg3+ 58. Kh2 Rh3+ 59. Kg2 Nc6 60. Ra6 Rf3 61. Kh2 h4 62. Kg2 Rc3 63. Kh2 Rc2+ 64. Kg1 h3 65. Ra4 g3 66. Ra1 Nd4 67. Rd1 Kc5 68. Kh1 a5 69. Rf1 a4 70. Ra1 a3 0-1


[Site "https://www.chess.com"]

[Event "Titled Tuesday Blitz August 31 2021"]
[White "Holt, Conrad"]
[Black "Dobrov, Vladimir"]
[WhiteFideId "2034387"]
[BlackFideId "4136594"]
[WhiteElo "2586"]
[BlackElo "2614"]
[Result "1-0"]
[Round "10"]
[TimeControl "180+1"]
[Date "2021.08.31"]
[WhiteClock "0:01:10"]
[BlackClock "0:00:12"]

1. d4 Nf6 2. c4 e6 3. Nc3 Bb4 4. Qc2 d5 5. cxd5 Qxd5 6. Nf3 Qf5 7. Qxf5 exf5 8. Bd2 c6 9. e3 h6 10. Bd3 Be6 11. Ke2 Nbd7 12. Nb5 Bxd2 13. Nc7+ Ke7 14. Kxd2 Rac8 15. Nxe6 fxe6 16. b4 g5 17. Rhc1 Rhf8 18. a4 Ne4+ 19. Ke2 Nd6 20. Ne5 Nxe5 21. dxe5 Nf7 22. f4 Rg8 23. Kf2 h5 24. b5 c5 25. a5 h4 26. b6 gxf4 27. exf4 Rg4 28. g3 axb6 29. axb6 hxg3+ 30. hxg3 Rcg8 31. Rxc5 Rxg3 32. Rc7+ 1-0


[Site "https://www.chess.com"]

[Event "Titled Tuesday Blitz August 31 2021"]
[White "Hryshchenko, Kamila"]
[Black "Girinath, P.D.S."]
[WhiteFideId "14147491"]
[BlackFideId "5000572"]
[WhiteElo "1936"]
[BlackElo "2333"]
[Result "0-1"]
[Round "10"]
[TimeControl "180+1"]
[Date "2021.08.31"]
[WhiteClock "0:00:02"]
[BlackClock "0:00:06"]

1. e4 e6 2. d4 d5 3. Nc3 Bb4 4. Bd2 Bxc3 5. Bxc3 dxe4 6. Qg4 Nf6 7. Qxg7 Rg8 8. Qh6 Rg6 9. Qe3 Nc6 10. O-O-O Ne7 11. Be1 Bd7 12. h3 Bc6 13. Ne2 Qd6 14. c4 b6 15. g4 O-O-O 16. Nf4 Rgg8 17. Be2 h5 18. Rg1 hxg4 19. hxg4 Kb8 20. Bc3 Bb7 21. b4 Ng6 22. Nxg6 Rxg6 23. a4 Rdg8 24. d5 exd5 25. c5 Qe6 26. g5 d4 27. Qxd4 Nd5 28. Bc4 Nxc3 29. Qxc3 Qf5 30. a5 bxc5 31. a6 Bxa6 32. b5 Bb7 33. Qa3 Rxg5 34. Rge1 Rg2 35. Re2 Rxf2 36. Rxf2 Qxf2 37. Qc3 Qf4+ 38. Kb2 e3 39. Ra1 Rg2+ 40. Kb3 Qd4 41. Qxd4 cxd4 42. Rd1 e2 43. Re1 Bf3 44. Bd3 f5 45. Kc4 f4 46. Kxd4 Bg4 47. Be4 f3 48. Ke3 Rg3 49. Kf2 Rh3 0-1


[Site "https://www.chess.com"]

[Event "Titled Tuesday Blitz August 31 2021"]
[White "Indjic, Aleksandar"]
[Black "Bernadskiy, Vitaliy"]
[WhiteFideId "911925"]
[BlackFideId "14100371"]
[WhiteElo "2643"]
[BlackElo "2510"]
[Result "0-1"]
[Round "10"]
[TimeControl "180+1"]
[Date "2021.08.31"]
[WhiteClock "0:00:07"]
[BlackClock "0:00:07"]

1. d4 d6 2. Nf3 g6 3. e4 Nf6 4. Nc3 Bg7 5. Be3 O-O 6. Qd2 c6 7. Bh6 Bg4 8. h4 Bxf3 9. gxf3 e5 10. Bxg7 Kxg7 11. O-O-O Qe7 12. f4 Nbd7 13. fxe5 dxe5 14. f4 exf4 15. Qxf4 c5 16. d5 Qe5 17. Qf3 a6 18. d6 Rae8 19. Bh3 b5 20. Rhe1 Rd8 21. Nd5 Qxd6 22. h5 Qe5 23. h6+ Kxh6 24. Bxd7 Nxd7 25. Rh1+ Kg7 26. Rdg1 Nf6 27. Qh3 h5 28. Nxf6 Qxf6 29. Kb1 Qe5 30. Qe3 Rd4 31. Qf2 Rxe4 32. a3 Re8 33. Qf3 Rf4 34. Qc6 Qf5 35. Qxa6 Re2 36. Rc1 Rff2 37. Qxb5 Rxc2 38. Rxc2 Qxc2+ 39. Ka1 Qf5 40. Qc4 Rf3 41. Qb5 h4 42. Rc1 h3 43. Rxc5 Rf1+ 44. Ka2 Qb1+ 45. Kb3 Rf3+ 46. Ka4 Qe4+ 47. Ka5 h2 48. Qb4 Qxb4+ 49. Kxb4 h1=Q 50. Rc4 Qe1+ 51. Ka4 Rf2 52. b3 Qd1 53. Rc5 Rf3 54. Ka5 Qxb3 55. a4 Qa3 56. Rb5 Rf4 57. Kb6 Qxa4 0-1


[Site "https://www.chess.com"]

[Event "Titled Tuesday Blitz August 31 2021"]
[White "Isajevsky, Anton"]
[Black "Csonka, Balazs"]
[WhiteFideId "4142500"]
[BlackFideId "742910"]
[WhiteElo "2510"]
[BlackElo "2404"]
[Result "0-1"]
[Round "10"]
[TimeControl "180+1"]
[Date "2021.08.31"]
[WhiteClock "0:00:04"]
[BlackClock "0:00:28"]

1. c4 e6 2. Nf3 d5 3. e3 Nf6 4. Nc3 a6 5. b3 c5 6. cxd5 exd5 7. d4 Nc6 8. Be2 cxd4 9. Nxd4 Bb4 10. Bd2 Nxd4 11. exd4 O-O 12. O-O h6 13. a3 Bd6 14. Bf3 Be6 15. b4 Rc8 16. Rc1 Rc4 17. Ne2 Qc7 18. Ng3 Rc8 19. Be3 b5 20. Qd2 Qd7 21. Bf4 Bxf4 22. Qxf4 Qc7 23. Qxc7 R8xc7 24. Ne2 g5 25. h3 Bf5 26. Rfd1 Kf8 27. g4 Bg6 28. Kg2 Ke7 29. Re1 Kd6 30. Red1 Bc2 31. Rd2 Ne4 0-1


[Site "https://www.chess.com"]

[Event "Titled Tuesday Blitz August 31 2021"]
[White "Iskusnyh, Sergei"]
[Black "Sokolin, Leonid"]
[WhiteFideId "4120027"]
[BlackFideId "2009161"]
[WhiteElo "2492"]
[BlackElo "2394"]
[Result "1-0"]
[Round "10"]
[TimeControl "180+1"]
[Date "2021.08.31"]
[WhiteClock "0:00:28"]
[BlackClock "0:00:14"]

1. d4 Nf6 2. c4 e6 3. g3 d5 4. Bg2 Be7 5. Nf3 O-O 6. O-O dxc4 7. Qa4 b5 8. Qxb5 Ba6 9. Qa4 Nd5 10. Nc3 c6 11. Ne5 Qb6 12. e3 Qb4 13. Nxc6 Nxc6 14. Qxc6 Bb7 15. Nxd5 exd5 16. Qd7 Rad8 17. Qf5 g6 18. Qc2 Qd6 19. Bd2 h5 20. b3 Rc8 21. bxc4 Rxc4 22. Qb3 Ba6 23. Rfc1 Rfc8 24. Bf1 Rxc1 25. Rxc1 Rxc1 26. Bxc1 Bxf1 27. Kxf1 Kg7 28. Kg2 Qc6 29. Ba3 Bxa3 30. Qxa3 a6 31. Qc5 Qe6 32. h4 Qf5 33. Qc7 Qe4+ 34. Kh2 Qf3 35. Qe5+ Kh7 36. Qf4 Qxf4 37. gxf4 f5 38. Kg2 Kg7 39. Kf1 Kf7 40. Ke2 Ke6 41. Kd2 Kd6 42. Kc3 a5 43. Kd3 Ke6 44. f3 Kd6 45. e4 Ke6 46. e5 Kd7 47. Kc3 Kc6 48. Kb3 Kb5 49. e6 Kc6 50. Ka4 1-0


[Site "https://www.chess.com"]

[Event "Titled Tuesday Blitz August 31 2021"]
[White "Ivanchuk, Vasyl"]
[Black "Kamsky, Gata"]
[WhiteFideId "14100010"]
[BlackFideId "2000024"]
[WhiteElo "2710"]
[BlackElo "2644"]
[Result "0-1"]
[Round "10"]
[TimeControl "180+1"]
[Date "2021.08.31"]
[WhiteClock "0:00:01"]
[BlackClock "0:00:09"]

1. d4 Nf6 2. c4 g6 3. Nc3 Bg7 4. e4 d6 5. Nf3 O-O 6. Be2 e5 7. Be3 Ng4 8. Bg5 Qe8 9. O-O h6 10. Bh4 c6 11. Re1 Na6 12. Qd2 Nf6 13. dxe5 dxe5 14. Bxf6 Bxf6 15. Qxh6 Qe7 16. h4 Bg4 17. Ng5 Bxg5 18. hxg5 Bc8 19. g3 Rd8 20. Kg2 Qf8 21. Rad1 Be6 22. Qxf8+ Kxf8 23. f3 Nb4 24. Kf2 a5 25. b3 Na6 26. Ke3 Ke7 27. Rxd8 Rxd8 28. Rd1 Rh8 29. Bf1 Rh2 30. Ne2 Nb4 31. Rd2 Rh1 32. Kf2 Rh2+ 33. Kg1 Rh5 34. f4 Bg4 35. Nc3 Bf3 36. Rh2 Rxh2 37. Kxh2 Nc2 38. Kg1 Kd6 39. Kf2 Bg4 40. Bd3 Nb4 41. Ke3 Na6 42. Bc2 Nb4 43. Bb1 Na6 44. Na4 Bd7 45. Bc2 Nb4 46. Bb1 Na6 47. Bd3 Nb4 48. c5+ Ke7 49. Bb1 Na6 50. fxe5 Nc7 51. Bd3 Ne6 52. Bc4 Nxg5 53. Nb6 Be6 0-1


[Site "https://www.chess.com"]

[Event "Titled Tuesday Blitz August 31 2021"]
[White "Jakubowski, Krzysztof"]
[Black "Vivas Zamora, Fabian Ernesto"]
[WhiteFideId "1112848"]
[BlackFideId "3902480"]
[WhiteElo "2414"]
[BlackElo "1966"]
[Result "0-1"]
[Round "10"]
[TimeControl "180+1"]
[Date "2021.08.31"]
[WhiteClock "0:00:01"]
[BlackClock "0:00:14"]

1. e4 e5 2. Nc3 Nf6 3. Bc4 Nxe4 4. Qh5 Nd6 5. Bb3 Be7 6. Qxe5 O-O 7. d4 Nc6 8. Qf4 Ne8 9. Nf3 Na5 10. h4 Bd6 11. Qg4 Nf6 12. Qh3 Re8+ 13. Be3 Bf4 14. Ne5 Nxb3 15. axb3 d6 16. Qf3 dxe5 17. dxe5 Bxe5 18. O-O c6 19. Bxa7 Bg4 20. Qd3 Qxd3 21. cxd3 Bxc3 22. bxc3 Be2 23. Rfc1 Bxd3 24. f3 h5 25. Bd4 Rxa1 26. Rxa1 Nd5 27. Kf2 Re2+ 28. Kg3 Kh7 29. Ra7 Ba6 30. c4 Ne7 31. Ra8 Nf5+ 0-1


[Site "https://www.chess.com"]

[Event "Titled Tuesday Blitz August 31 2021"]
[White "Jarovinsky, Alexey"]
[Black "Stribuk, Artiom"]
[WhiteFideId "14115131"]
[BlackFideId "13515659"]
[WhiteElo "2446"]
[BlackElo "2224"]
[Result "1-0"]
[Round "10"]
[TimeControl "180+1"]
[Date "2021.08.31"]
[WhiteClock "0:01:52"]
[BlackClock "0:00:28"]

1. Nc3 c5 2. e4 Nc6 3. Bb5 Nd4 4. Nf3 Nxb5 5. Nxb5 d6 6. d4 Nf6 7. O-O Nxe4 8. Re1 d5 9. c4 a6 10. cxd5 axb5 11. Rxe4 Qxd5 12. Re5 Qd8 13. Rxc5 Bd7 14. Ne5 g6 15. Rd5 Bg7 16. Rxd7 Qxd7 17. Nxd7 Kxd7 18. Qf3 1-0


[Site "https://www.chess.com"]

[Event "Titled Tuesday Blitz August 31 2021"]
[White "Jobava, Baadur"]
[Black "Andreikin, Dmitry"]
[WhiteFideId "13601520"]
[BlackFideId "4158814"]
[WhiteElo "2748"]
[BlackElo "2782"]
[Result "1-0"]
[Round "10"]
[TimeControl "180+1"]
[Date "2021.08.31"]
[WhiteClock "0:00:40"]
[BlackClock "0:00:13"]

1. e4 c5 2. c3 Nf6 3. e5 Nd5 4. d4 cxd4 5. Qxd4 e6 6. Bc4 Nc6 7. Qe4 d6 8. exd6 Nf6 9. Qe2 Bxd6 10. Nf3 Qc7 11. Bg5 b6 12. Nbd2 Bb7 13. O-O-O O-O 14. Kb1 Be7 15. h4 Rab8 16. Bd3 b5 17. Ne4 Nd5 18. g3 Ba8 19. Ka1 Qa5 20. Bxe7 Ncxe7 21. Neg5 h6 22. Rc1 b4 23. c4 b3 24. a3 Nb4 25. Bh7+ Kh8 26. Be4 Bxe4 27. Qxe4 Nf5 28. Ne5 Nc2+ 29. Rxc2 bxc2 30. Nexf7+ Kg8 31. Qxe6 Qb6 32. Nxh6+ Kh8 33. Qg8+ Rxg8 34. Nhf7# 1-0


[Site "https://www.chess.com"]

[Event "Titled Tuesday Blitz August 31 2021"]
[White "Karthikeyan, Murali"]
[Black "Rakhmanov, Aleksandr"]
[WhiteFideId "5074452"]
[BlackFideId "4173708"]
[WhiteElo "2564"]
[BlackElo "2498"]
[Result "0-1"]
[Round "10"]
[TimeControl "180+1"]
[Date "2021.08.31"]
[WhiteClock "0:00:01"]
[BlackClock "0:00:02"]

1. e4 c5 2. Nf3 Nf6 3. e5 Nd5 4. Nc3 Nxc3 5. dxc3 Nc6 6. Bc4 e6 7. Bf4 Qb6 8. Qd2 Qxb2 9. O-O Qb6 10. Ng5 h6 11. Ne4 Qc7 12. Nd6+ Bxd6 13. exd6 Qd8 14. Rae1 b6 15. Bg3 Bb7 16. f4 f5 17. Bxe6 dxe6 18. Rxe6+ Kd7 19. Rfe1 Kc8 20. Qd3 Qd7 21. Bh4 g5 22. fxg5 hxg5 23. Bxg5 Kb8 24. Qxf5 Bc8 25. Qd5 a5 26. Bf4 Bb7 27. Qg5 Ka7 28. Rg6 Raf8 29. Rg7 Rf7 30. Rxf7 Qxf7 31. Bg3 Rg8 32. Qd2 Qd7 33. c4 Nd4 34. Re7 Qc6 35. Rc7 Qe4 36. d7 Rd8 37. Qf2 Ka8 38. Rxb7 Kxb7 0-1


[Site "https://www.chess.com"]

[Event "Titled Tuesday Blitz August 31 2021"]
[White "Khoroshev, Nikita"]
[Black "Gunina, Valentina"]
[WhiteFideId "14200287"]
[BlackFideId "4167570"]
[WhiteElo "2328"]
[BlackElo "2399"]
[Result "1-0"]
[Round "10"]
[TimeControl "180+1"]
[Date "2021.08.31"]
[WhiteClock "0:00:06"]
[BlackClock "0:00:23"]

1. d4 d5 2. Nf3 Nf6 3. Bf4 c6 4. e3 Bg4 5. Nbd2 e6 6. h3 Bh5 7. g4 Bg6 8. Ne5 Nfd7 9. Nxg6 hxg6 10. c3 Be7 11. Bg2 c5 12. O-O Nc6 13. Qe2 O-O 14. Rad1 cxd4 15. exd4 Bg5 16. Bh2 Bxd2 17. Rxd2 Re8 18. Rd3 a6 19. Re3 b5 20. Re1 Nb6 21. b3 b4 22. Qd2 bxc3 23. Rxc3 Qd7 24. Rec1 Rec8 25. h4 Na7 26. Rc7 Rxc7 27. Rxc7 Qd8 28. h5 Nb5 29. Rc6 gxh5 30. a4 Na7 31. Rd6 Nd7 32. gxh5 Nc8 33. Rc6 Ne7 34. Rc7 Nf5 35. Qf4 Nf6 36. Bf3 Ne8 37. Rc5 Qf6 38. Bd1 Nxd4 39. Qxf6 Nxf6 40. Be5 Nf5 41. Rc7 Ne4 42. f3 Ned6 43. Be2 f6 44. Bxd6 Nxd6 45. Rc6 Nf5 46. Rxa6 Rc8 47. Rxe6 Rc2 48. Bd3 Rc1+ 49. Kf2 Nd4 50. Re8+ 1-0


[Site "https://www.chess.com"]

[Event "Titled Tuesday Blitz August 31 2021"]
[White "Kim, Sergey"]
[Black "Heinemann, Josefine"]
[WhiteFideId "13700570"]
[BlackFideId "12900460"]
[WhiteElo "2467"]
[BlackElo "2300"]
[Result "1-0"]
[Round "10"]
[TimeControl "180+1"]
[Date "2021.08.31"]
[WhiteClock "0:00:33"]
[BlackClock "0:00:06"]

1. d4 d5 2. c4 c6 3. Nf3 Nf6 4. Qc2 g6 5. e3 Bg7 6. Bd3 O-O 7. Nbd2 Nbd7 8. O-O c5 9. b3 cxd4 10. exd4 Nb8 11. Bb2 Nc6 12. a3 Bg4 13. c5 Rc8 14. b4 a6 15. Rfe1 Re8 16. Ne5 Nxe5 17. dxe5 Nd7 18. h3 Be6 19. f4 Nb8 20. Nf3 Nc6 21. f5 gxf5 22. Bxf5 Bxf5 23. Qxf5 e6 24. Qf4 Qe7 25. Rf1 Kh8 26. Ng5 Rf8 27. Nxf7+ Kg8 28. Nh6+ Kh8 29. Qd2 Nxe5 30. Rae1 Nc4 31. Bxg7+ Qxg7 32. Qc1 Rce8 33. Rxf8+ Qxf8 34. Rf1 Qg7 35. Rf7 Qd4+ 36. Kh1 Ne3 37. Qe1 Qe4 38. Qg3 Qd4 39. Rf4 Qa1+ 40. Kh2 Qc3 41. Nf7# 1-0


[Site "https://www.chess.com"]

[Event "Titled Tuesday Blitz August 31 2021"]
[White "Korsunsky, Yuri"]
[Black "Pavlovic, Dejan S"]
[WhiteFideId "14102722"]
[BlackFideId "928399"]
[WhiteElo "2441"]
[BlackElo "2338"]
[Result "1-0"]
[Round "10"]
[TimeControl "180+1"]
[Date "2021.08.31"]
[WhiteClock "0:00:22"]
[BlackClock "0:00:27"]

1. e4 c5 2. c3 d5 3. exd5 Qxd5 4. d4 Nf6 5. Nf3 Bg4 6. Be2 e6 7. O-O Be7 8. Be3 cxd4 9. cxd4 O-O 10. Nc3 Qd6 11. h3 Bh5 12. Nb5 Qd8 13. Ne5 Bxe2 14. Qxe2 a6 15. Nc3 Nbd7 16. Qf3 Rb8 17. Bf4 Nxe5 18. Bxe5 Bd6 19. Bxf6 Qxf6 20. Qxf6 gxf6 21. d5 Be5 22. Rac1 b5 23. dxe6 fxe6 24. b3 f5 25. Rfe1 Bxc3 26. Rxc3 Kf7 27. Rc7+ Kf6 28. Rc6 Rfe8 29. Rxa6 b4 30. f4 h5 31. Rd1 Rbc8 32. Rd2 Red8 33. Rxd8 Rxd8 34. Rc6 Rd4 35. Rc4 Rxc4 36. bxc4 e5 37. Kf2 e4 38. g3 Ke6 39. Ke3 Kd6 40. g4 fxg4 41. hxg4 hxg4 42. Kxe4 Kc5 43. f5 g3 44. Kf3 Kxc4 45. f6 Kc3 46. f7 Kb2 47. f8=Q Kxa2 48. Qxb4 Ka1 49. Kxg3 Ka2 50. Kf2 Ka1 51. Ke2 Ka2 52. Kd2 Ka1 53. Kc2 Ka2 54. Qb2# 1-0


[Site "https://www.chess.com"]

[Event "Titled Tuesday Blitz August 31 2021"]
[White "Kovalev, Vladislav"]
[Black "Terry, Renato"]
[WhiteFideId "13504398"]
[BlackFideId "3803457"]
[WhiteElo "2573"]
[BlackElo "2581"]
[Result "1-0"]
[Round "10"]
[TimeControl "180+1"]
[Date "2021.08.31"]
[WhiteClock "0:00:05"]
[BlackClock "0:00:01"]

1. e4 e6 2. d4 d5 3. Bd3 dxe4 4. Bxe4 Nf6 5. Bf3 Nbd7 6. Ne2 Bd6 7. O-O O-O 8. c4 e5 9. Nbc3 exd4 10. Nxd4 Ne5 11. Be2 c6 12. Bg5 Be7 13. Re1 Ng6 14. Nb3 Be6 15. Qxd8 Rfxd8 16. Na5 Rd7 17. Rad1 Rad8 18. Rxd7 Rxd7 19. a3 Bd8 20. Nb3 b6 21. f3 h6 22. Be3 c5 23. Bf1 Ne5 24. Bxc5 Nxc4 25. Rxe6 Na5 26. Rd6 Nxb3 27. Rxd7 Nxd7 28. Be3 Bf6 29. Bc4 Bd4 30. Kf2 Bxe3+ 31. Kxe3 Nbc5 32. b4 Nb7 33. Nb5 a5 34. Bd5 Nd8 35. Nd6 axb4 36. axb4 Kf8 37. Kd4 Ke7 38. Nc8+ Kf6 39. f4 g5 40. g3 gxf4 41. gxf4 Kf5 42. Ke3 Kg4 43. Nd6 Kh3 44. Nxf7 Nxf7 45. Bxf7 Kxh2 46. Be6 Nf6 47. Kd4 Kg3 48. Ke5 Nh7 49. f5 Kh4 50. f6 Kg5 51. f7 Nf8 52. Bc4 h5 53. Kd6 h4 54. Ke7 1-0


[Site "https://www.chess.com"]

[Event "Titled Tuesday Blitz August 31 2021"]
[White "Kozak, Antoni"]
[Black "Postny, Evgeny"]
[WhiteFideId "21832030"]
[BlackFideId "2804344"]
[WhiteElo "2289"]
[BlackElo "2521"]
[Result "0-1"]
[Round "10"]
[TimeControl "180+1"]
[Date "2021.08.31"]
[WhiteClock "0:00:09"]
[BlackClock "0:00:14"]

1. d4 Nf6 2. Bf4 Nh5 3. Bg5 h6 4. Bh4 g5 5. e3 Nf6 6. Bg3 d6 7. c4 Bg7 8. Nc3 Nc6 9. h3 e5 10. Nf3 e4 11. Nd2 Bf5 12. Bh2 h5 13. a3 h4 14. Rc1 Qe7 15. Nd5 Nxd5 16. cxd5 Nd8 17. Bb5+ Kf8 18. Qc2 Rc8 19. Qa4 c6 20. dxc6 bxc6 21. Be2 Rh6 22. Rc3 c5 23. Nb3 Ne6 24. O-O Rd8 25. Rd1 cxd4 26. Nxd4 Bxd4 27. Rxd4 Nxd4 28. Qxd4 Kg8 29. Bc4 Rg6 30. Bd5 g4 31. hxg4 Rxg4 32. Bf4 Rg6 33. Rb3 Qf6 34. Qxf6 Rxf6 35. Bg5 Kg7 36. Rb7 Rd7 37. Bxf6+ Kxf6 38. Rxd7 Bxd7 39. Bxe4 Ke5 40. Bd3 Bc6 41. f3 f5 42. Kf2 f4 43. exf4+ Kxf4 44. b4 Ba4 45. Be4 Bb3 46. Bc6 d5 47. a4 d4 48. Bb5 Bc2 49. Bd7 d3 50. Bb5 d2 51. Be2 Bxa4 0-1


[Site "https://www.chess.com"]

[Event "Titled Tuesday Blitz August 31 2021"]
[White "Kretov, Evgenij"]
[Black "Shubenkova, Veronika"]
[WhiteFideId "4167821"]
[BlackFideId "44124040"]
[WhiteElo "2400"]
[BlackElo "1882"]
[Result "1-0"]
[Round "10"]
[TimeControl "180+1"]
[Date "2021.08.31"]
[WhiteClock "0:01:21"]
[BlackClock "0:01:39"]

1. d4 d5 2. c4 e6 3. Nc3 Nf6 4. cxd5 exd5 5. Bg5 Be7 6. Nf3 c6 7. e3 O-O 8. Bd3 Nbd7 9. Qc2 Re8 10. O-O Nf8 11. Rab1 Bg4 12. Ne5 Be6 13. b4 Rc8 14. b5 h6 15. Bh4 N6d7 16. Bxe7 Qxe7 17. bxc6 bxc6 18. Nxd7 Qxd7 19. Na4 Qe7 20. Nc5 Rb8 21. Qa4 Qd6 22. Rxb8 Rxb8 23. Qxa7 Rb2 24. a4 Bg4 25. a5 h5 26. a6 h4 27. h3 Bxh3 28. gxh3 Rd2 29. Bf5 g6 30. Bc8 Nh7 31. Qd7 Qf6 32. a7 Ng5 33. a8=Q Nf3+ 34. Kh1 Ne1 35. Ba6+ Kh7 36. Qg4 Rxf2 37. Rxe1 1-0


[Site "https://www.chess.com"]